 Dungeon Crawl Stone Soup version 0.28.0 (webtiles) character file.

Game seed: 8165615386001496193

56 Dorkslayer the Skirmisher (level 3, 0/49 HPs)
             Began as a Hill Orc Fighter on Aug 28, 2022.
             Slain by an adder (4 damage)
             ... on level 2 of the Dungeon.
             The game lasted 00:03:43 (1644 turns).

Dorkslayer the Skirmisher (Hill Orc Fighter)        Turns: 1644, Time: 00:03:44

Health: 0/49       AC:  6    Str: 30    XL:     3   Next: 95%
Magic:  3/3        EV: 10    Int:  8    God:
Gold:   47         SH:  4    Dex: 12    Spells: 2/2 levels left

rFire   . . .      SeeInvis .   a - +0 war axe
rCold   . . .      Faith    .   c - +0 buckler
rNeg    . . .      Spirit   .   b - +0 scale mail
rPois   .          Reflect  .   (no helmet)
rElec   .          Harm     .   (no cloak)
rCorr   .          Rampage  .   (no gloves)
Will    .....                   (no boots)
Stlth   ..........              (no amulet)
HPRegen 0.16/turn               e - +6 ring of strength
MPRegen 0.08/turn               i - +6 ring of strength

@: berserking, lethally poisoned (0 -> -9), very quick
A: no striking features
a: no special abilities


You were on level 2 of the Dungeon.
You visited 1 branch of the dungeon, and saw 2 of its levels.

You collected 47 gold pieces.

Inventory:

Hand Weapons
 a - a +0 war axe (weapon)
Armour
 b - a +0 scale mail (worn)
 c - a +0 buckler (worn)
Jewellery
 e - a +6 ring of strength (left hand)
 i - a +6 ring of strength (right hand)
Scrolls
 g - a scroll of immolation {unknown}
 h - a scroll of identify {unknown}
Potions
 d - a potion of might


   Skills:
 + Level 4.0 Fighting
 + Level 4.0 Axes
 + Level 3.5 Armour
 * Level 1.0 Dodging
 + Level 0.1 Stealth
 + Level 3.5 Shields


You had 2 spell levels left.
You didn't know any spells.
Your spell library was empty.

Dungeon Overview and Level Annotations

Branches:
Dungeon (2/15)

Altars:

Shops:
D:1 [


Message History

The adder bites you.
You are poisoned.
The adder poisons you!
You barely miss the adder.
You feel sick. You block the adder's attack. The adder barely misses you.
You closely miss the adder.
You feel sick.
The adder bites you but does no damage. x2
You closely miss the adder.
You feel sick. The adder closely misses you.
You closely miss the adder.
You feel sick. The adder bites you.
You are more poisoned.
The adder poisons you! The adder barely misses you.
You hit the adder.
The adder is moderately wounded.
You feel sick. The adder barely misses you. The adder bites you.
You are more poisoned.
The adder poisons you!
You barely miss the adder.
The adder is moderately wounded.
You feel very sick. The adder bites you.
You closely miss the adder.
The adder is moderately wounded.
You feel sick. The adder misses you. The adder bites you.
You are lethally poisoned!
The adder poisons you!
You hit the adder.
The adder is heavily wounded.
* * * LOW HITPOINT WARNING * * *
You feel very sick. The adder bites you.
* * * LOW HITPOINT WARNING * * *
You are more poisoned.
The adder poisons you! The adder misses you.
It was a potion of berserk rage.
A red film seems to cover your vision as you go berserk!
You feel yourself moving faster!
You feel mighty!
* * * LOW HITPOINT WARNING * * *
You feel very sick. The adder bites you.
You die...

..# #.# #
#.# .#.#.#
###...#.#
#.S...#.#
#@#####.#
#......^#
#.#######
#.# #...##.#
#.# #...##.#
#.#
#...##.##
#.# #.......
#.# #.#.##.#
#.###....#.#
#


You could see an adder.

Vanquished Creatures
  A gnoll (D:1)
  A worm (D:2)
  A dart slug (D:1)
  4 endoplasms (D:1)
  3 giant cockroaches (D:1)
  5 goblins
  4 hobgoblins
  4 kobolds (D:1)
  2 quokkas (D:1)
  4 ball pythons (D:1)
  2 bats
  2 frilled lizards (D:1)
  3 rats (D:1)
36 creatures vanquished.

Notes
Turn   | Place    | Note
-------+----------+-------------------------------------------
     0 | D:1      | Dorkslayer the Hill Orc Fighter began the quest for the
                  | Orb.
     0 | D:1      | Reached XP level 1. HP: 19/19 MP: 1/1
   241 | D:1      | Reached XP level 2. HP: 26/27 MP: 2/2
   429 | D:1      | Reached XP level 3. HP: 11/33 MP: 3/3
   683 | D:1      | Found Qugokh's Antique Armour Emporium.
   714 | D:1      | Reached skill level 1 in Dodging
  1644 | D:2      | Slain by an adder

Illustrated notes

Levels and vault maps discovered:
D:1:      psy_arrival_spokes, layout_basic, serial_shops, shop_statue
D:2:      layout_loops_ring, serial_shops, shop,
          hellmonk_ecumenical_altar_watching_god, kennysheep_donut,
          corner_web_ring

Skill      XL: |  1  2  3 |
---------------+----------+-----
Axes           | 3 4 |  4.0
Dodging        | 1 |  1.0
Fighting       | 4 |  4.0
Armour         | |  3.5
Stealth        | |  0.1
Shields        | |  3.5

Action                   || total
-------------------------++-------
Melee: War axe           ||   111
  Use: Potion            ||     1
Armor: Scale mail        ||    39
Dodge: Dodged            ||    55
Block: Buckler           ||    22
